 Dungeon Crawl Stone Soup version 0.29-a0-330-g52719c12eb (webtiles) character file.

Game seed: 4988906657832368945

25228 kae the Arsonist (level 13, -3/79 HPs)
             Began as a Tengu Fire Elementalist on Apr 14, 2022.
             Killed from afar by Fannar (28 damage)
             ... with a bolt of cold
             ... on level 12 of the Dungeon.
             The game lasted 00:24:28 (20034 turns).

kae the Arsonist (Tengu Fire Elementalist)         Turns: 20034, Time: 00:24:29

Health: -3/79      AC:  8    Str:  6    XL:     13   Next: 18%
Magic:  31/35      EV: 17    Int: 21    God:
Gold:   1104       SH:  0    Dex: 14    Spells: 15/28 levels left

rFire   + . .      SeeInvis .   w - +7 lajatang "Uxod" {venom, rElec rF+ rN++ Str-3}
rCold   . . .      Faith    .   (shield currently unavailable)
rNeg    + + +      Spirit   .   v - +0 steam dragon scales
rPois   .          Reflect  .   d - +2 hat
rElec   +          Harm     .   (no cloak)
rCorr   .          Rampage  .   (no gloves)
Will    .....                   (boots unavailable)
Stlth   ++........              x - amulet of Ubehox {RegenMP rN+ Regen+}
HPRegen 1.03/turn               F - ring of magical power
MPRegen 0.64/turn               z - +4 ring of slaying

@: flying quickly and evasively, studying Short Blades, quick
A: beak, talons 3, nimble flight
a: no special abilities


You were on level 12 of the Dungeon.
You visited 2 branches of the dungeon, and saw 13 of its levels.
You also visited: Bailey and Gauntlet.

You collected 1327 gold pieces.
You spent 223 gold pieces at shops.

Inventory:

Hand Weapons
 p - a +4 dagger of venom
 w - the +7 lajatang "Uxod" (weapon) {venom, rElec rF+ rN++ Str-3}
   (You acquired it in a bailey)

   It poisons the flesh of those it strikes.
   Str:       It affects your strength (-3).
   rF:        It protects you from fire.
   rElec:     It insulates you from electricity.
   rN:        It greatly protects you from negative energy.
Missiles
 A - 2 throwing nets
Armour
 d - a +2 hat (worn)
 v - +0 steam dragon scales (worn)
 G - a +0 buckler
Jewellery
 e - an amulet of regeneration
 g - a +6 ring of strength
 x - the amulet of Ubehox (around neck) {RegenMP rN+ Regen+}
   (You acquired it on level 8 of the Dungeon)

   [amulet of magic regeneration]

   It increases your rate of magic regeneration.
   rN:        It protects you from negative energy.
   Regen:     It increases your rate of health regeneration.
 y - an amulet of guardian spirit
 z - a +4 ring of slaying (right hand)
 F - a ring of magical power (left hand)
 L - a +4 ring of evasion
Wands
 a - a wand of charming (18)
 c - a wand of iceblast (8)
 o - a wand of paralysis (3)
 r - a wand of mindburst (39)
 t - a wand of flame (48)
Scrolls
 k - a scroll of enchant weapon
 m - 2 scrolls of teleportation
 C - a scroll of amnesia
 D - a scroll of enchant armour
 H - a scroll of fear
 K - 3 scrolls of magic mapping
Potions
 b - 3 potions of magic
 f - 3 potions of cancellation
 h - 2 potions of flight
 i - 2 potions of haste
 j - 4 potions of might
 l - 2 potions of ambrosia
 n - a potion of attraction {unknown}
 q - 5 potions of heal wounds
 s - 5 potions of curing
 u - 6 potions of degeneration
 B - 2 potions of mutation
 E - a potion of berserk rage
 I - a potion of brilliance {unknown}


   Skills:
 + Level 8.4 Fighting
 * Level 7.9 Staves
 + Level 5.5 Armour
 + Level 5.9 Dodging
 - Level 2.0 Stealth
 + Level 8.1 Spellcasting
 + Level 11.1 Conjurations
 * Level 13.4 Fire Magic
 + Level 4.9 Evocations


You had 15 spell levels left.
You knew the following spells:

 Your Spells              Type           Power      Damage    Failure   Level
a - Foxfire               Conj/Fire      100%       2x1d9     1%          1
b - Scorch                Fire           100%       2d10      1%          2
c - Conjure Flame         Conj/Fire      56%        6-21      1%          3
d - Inner Flame           Hex/Fire       36%        N/A       1%          3
e - Flame Wave            Conj/Fire      56%        2d11      1%          4

Your spell library contained the following spells:

 Spells                   Type           Power      Damage    Failure   Level
 Stone Arrow              Conj/Erth      64%        3d11      2%          3
 Sandblast                Erth           16%        2d6       8%          1
 Corpse Rot               Necr/Air       16%        N/A       12%         2
 Ensorcelled Hibernation  Hex/Ice        16%        N/A       12%         2
 Passwall                 Tmut/Erth      6%         N/A       12%         2
 Poisonous Vapours        Pois/Air       16%        N/A       12%         2
 Spider Form              Tmut/Pois      8%         N/A       24%         3
 Anguish                  Hex/Necr       4%         N/A       61%         4


Dungeon Overview and Level Annotations

Branches:
Dungeon (12/15)            Temple (1/1) D:5            Lair (0/6) D:11
    Orc (0/2) D:12         Bailey (visited)         Gauntlet (visited)

Altars:
Dithmenos
Elyvilon
Fedhas
Gozag
Hepliaklqana
Kikubaaqudgha
Makhleb
Nemelex Xobeh
Okawaru
Sif Muna
Vehumet
Xom
Zin
Beogh

Shops:
D:2 (   D:3 ?   D:7 *=

Annotations:
D:9 2 transporters, robertstho's ghost, journeyman DjFE
D:10 Gastronok
D:11 Snorg
D:12 exclusion: ugly thing, Fannar


Innate Abilities, Weirdness & Mutations

You have a beak for a mouth.
You have claws for feet.
Your magical nature lets you fly swiftly and evasively.


Message History

You conjure some foxfire!
The foxfire hits Fannar.
Fannar is lightly wounded.
The foxfire hits Fannar.
Fannar is lightly wounded.
Casting: Foxfire (safe; 1% risk of failure)
Confirm with . or Enter, or press ? or * to list all spells.
Flames lash Fannar.
Fannar is lightly wounded.
Fannar's fire resistance burns away.
Fannar glares icily.
Fannar closely misses you.
Casting: Scorch (safe; 1% risk of failure)
Confirm with . or Enter, or press ? or * to list all spells.
Flames lash Fannar.
Fannar is burned terribly!
Fannar is lightly wounded.
Fannar barely misses you. Fannar hits you with a staff of cold.
Fannar freezes you!
Casting: Scorch (safe; 1% risk of failure)
Confirm with . or Enter, or press ? or * to list all spells.
Flames lash Fannar.
Fannar is burned terribly!
Fannar is heavily wounded.
Fannar mumbles some strange words.
Fannar completely misses you.
Casting: Scorch (safe; 1% risk of failure)
Confirm with . or Enter, or press ? or * to list all spells.
Flames lash Fannar.
Fannar is burned terribly!
Fannar is heavily wounded.
Fannar gestures wildly while chanting.
Fannar brushes some snowflakes from their robe.
Fannar casts a spell at you. The bolt of cold hits you!!!
The ice beast hits you but does no damage.
Casting: Scorch (safe; 1% risk of failure)
Confirm with . or Enter, or press ? or * to list all spells.
Flames lash Fannar.
Fannar is burned terribly!
Fannar is severely wounded.
Fannar points at you and mumbles some strange words.
The bolt of cold hits you!!
You die...

....# #..........# #.# ....#
#.......>..# #.# ....'
#..........# #.# #######.....#
#.# .....#8)....# #.#
....#..).'## #.# ._..'..Y..# ##.#
....#Ye..## #..# ....#8@..# #.##
#### ######.### ###.#### ....
#....# #######....... ....
####.######.<...ยง.......
....######...........#####>......
...........##.######## #.......
....#########.# #....... .... #.#
#....... .... #.# #.......


You could see Fannar (combustible) and 2 ice beasts.

Vanquished Creatures
  An orc warlord (Bailey)
  Azrael (D:12)
  Josephine (D:10)
  Harold (D:10)
  2 boulder beetles (D:12)
  7 two-headed ogres
  The ghost of robertstho the Geomancer, a novice GrEE of Vehumet (D:8)
  The ghost of hark the Cudgeller, a novice MiFi of Okawaru (D:7)
  Lodul (D:12)
  An ugly thing (D:12)
  A black mamba (shapeshifter) (D:10)
  2 cyclopes
  Maurice (D:8)
  Joseph (D:8)
  Maggie (D:6)
  A kobold demonologist (D:12)
  A komodo dragon (D:12)
  3 trolls
  Prince Ribbit (D:5)
  2 hornets
  Grinder (D:5)
  3 shadows
  12 yaks
  A wyvern (D:11)
  4 wraiths
  3 fire elementals
  A basilisk (D:12)
  An acid dragon (D:11)
  Edmund (D:5)
  4 water moccasins
  2 hell hounds
  2 ice beasts
  13 orc warriors
  A sky beast (D:5)
  A black bear (D:2)
  The ghost of Domino the Skirmisher, an amateur MiBe of Trog (D:3)
  4 ogres
  A phantom (D:4)
  7 centaurs
  Blork the orc (D:6)
  11 kobold brigands
  4 necrophages
  A gnoll sergeant (D:12)
  6 bullfrogs
  A scorpion (D:6)
  13 wights
  10 killer bees
  5 howler monkeys
  5 jellies
  2 gnoll shamans
  3 hounds
  11 orc priests
  2 iguanas (D:5)
  Jessica (D:3)
  Ijyb (D:3)
  Natasha (thrice) (D:4)
  10 orc wizards
  13 gnolls
  10 adders
  3 shadow imps
  3 white imps
  2 ufetubi (D:5)
  A worm (D:4)
  2 dart slugs (D:1)
  57 orcs
  10 endoplasms
  7 giant cockroaches
  6 goblins
  12 hobgoblins
  8 jackals
  31 kobolds
  6 quokkas
  8 ball pythons
  5 bats
  4 frilled lizards
  3 rats
375 creatures vanquished.

Vanquished Creatures (others)
  An orc (D:12)
  1207 foxfires
  3 fungi (D:7)
  A plant (D:7)
1212 creatures vanquished.

Grand Total: 1587 creatures vanquished

Notes
Turn   | Place    | Note
-------+----------+-------------------------------------------
     0 | D:1      | kae the Tengu Fire Elementalist began the quest for the
                  | Orb.
     0 | D:1      | Reached XP level 1. HP: 10/10 MP: 4/4
   249 | D:1      | Reached XP level 2. HP: 13/16 MP: 1/6
   709 | D:1      | Reached XP level 3. HP: 20/20 MP: 4/7
  1064 | D:1      | Reached skill level 1 in Fighting
  1345 | D:2      | Noticed a black bear
  1353 | D:2      | Learned a level 2 spell: Scorch
  1357 | D:2      | Learned a level 3 spell: Conjure Flame
  1454 | D:2      | Reached skill level 4 in Fire Magic
  1766 | D:2      | Reached XP level 4. HP: 19/25 MP: 3/8
  1884 | D:2      | Found a faded altar of an unknown god.
  2386 | D:3      | Found a runed translucent door.
  2386 | D:3      | Noticed Domino's ghost (amateur MiBe)
  2586 | D:3      | Found an iron altar of Okawaru.
  2733 | D:3      | Found Temosh's Magic Scroll Shoppe.
  2749 | D:3      | Bought a scroll of identify for 26 gold pieces
  2749 | D:3      | Bought a scroll of magic mapping for 45 gold pieces
  2749 | D:3      | Bought a scroll of identify for 26 gold pieces
  2851 | D:3      | Noticed Jessica
  2854 | D:3      | Killed Jessica
  2855 | D:3      | Gained mutation: Your magical nature lets you fly swiftly
                  | and evasively. [Tengu growth]
  2855 | D:3      | Reached XP level 5. HP: 30/30 MP: 6/10
  3030 | D:3      | Noticed Ijyb
  3043 | D:3      | Killed Ijyb
  3760 | D:4      | Reached skill level 5 in Fire Magic
  3820 | D:5      | Entered Level 5 of the Dungeon
  3883 | D:5      | Noticed an ice beast
  3897 | D:5      | Killed an ice beast
  3898 | D:5      | Reached XP level 6. HP: 36/36 MP: 1/11
  4267 | D:4      | Reached XP level 7. HP: 17/40 MP: 9/13
  4366 | D:5      | Reached skill level 6 in Fire Magic
  4690 | D:4      | Noticed Natasha
  4966 | D:4      | You are sucked into a shaft and drop 2 floors!
  4989 | D:6      | Reached skill level 5 in Conjurations
  5183 | D:6      | Reached XP level 8. HP: 42/47 MP: 8/15
  5240 | D:5      | Reached skill level 7 in Fire Magic
  5295 | D:5      | Noticed Edmund
  5413 | D:5      | Noticed Grinder
  6418 | D:5      | Found a staircase to the Ecumenical Temple.
  6520 | D:5      | Noticed Prince Ribbit
  6536 | D:5      | Killed Prince Ribbit
  6537 | D:5      | Reached skill level 8 in Fire Magic
  6552 | Temple   | Entered the Ecumenical Temple
  7245 | D:6      | Noticed Maggie
  7264 | D:6      | Killed Maggie
  7265 | D:6      | Reached skill level 5 in Spellcasting
  7265 | D:6      | Reached XP level 9. HP: 24/53 MP: 2/17
  7382 | D:6      | Noticed Blork the orc
  7432 | D:6      | Killed Blork the orc
  7433 | D:6      | Reached skill level 5 in Fighting
  7479 | D:6      | Reached skill level 9 in Fire Magic
  7893 | D:6      | Learned a level 4 spell: Flame Wave
  7897 | D:6      | Learned a level 3 spell: Inner Flame
  8518 | D:7      | Found Teavatub's Jewellery Shoppe.
  8552 | D:7      | Noticed a two-headed ogre
  8573 | D:7      | Killed a two-headed ogre
  8574 | D:7      | Reached skill level 10 in Fire Magic
  8645 | D:7      | Found a runed translucent gate.
  8645 | D:7      | Found a runed translucent gate.
  8646 | D:7      | Found a runed translucent gate.
  8649 | D:7      | Noticed hark's ghost (novice MiFi)
  8739 | D:7      | Reached XP level 10. HP: 60/60 MP: 10/19
  8853 | D:7      | Found Yroucucio's Assorted Antiques.
  8858 | D:7      | Bought a green potion for 24 gold pieces
  8858 | D:7      | Bought 2 green potions for 48 gold pieces
  8858 | D:7      | Bought a scroll of identify for 54 gold pieces
  9390 | D:8      | Noticed Joseph
  9513 | D:8      | Found an ancient bone altar of Kikubaaqudgha.
  9720 | D:8      | Found a flagged portal.
  9809 | D:8      | Noticed Maurice
  9812 | Bailey   | Entered a bailey
  9896 | Bailey   | Noticed an orc warlord
 10167 | Bailey   | Found a runed translucent gate.
 10170 | Bailey   | Found a runed translucent gate.
 10171 | Bailey   | Found a runed translucent gate.
 10194 | Bailey   | Reached skill level 11 in Fire Magic
 10442 | Bailey   | Acquired the +7 lajatang "Uxod" {venom, rElec rF+ rN++
                  | Str-3}
 10948 | Bailey   | Killed an orc warlord
 10949 | Bailey   | Reached skill level 1 in Staves
 10949 | Bailey   | Reached skill level 1 in Armour
 10949 | Bailey   | Reached skill level 1 in Evocations
 11075 | D:8      | Paralysed by Maurice for 5 turns
 11116 | D:8      | Paralysed by something for 4 turns
 11692 | D:8      | Killed Maurice
 11712 | D:8      | Reached XP level 11. HP: 66/66 MP: 13/22
 11782 | D:8      | Killed Joseph
 12020 | D:8      | Found a runed translucent gate.
 12021 | D:8      | Found a runed translucent gate.
 12021 | D:8      | Noticed robertstho's ghost (novice GrEE)
 12022 | D:8      | Found a runed translucent gate.
 12024 | D:8      | Identified the +1 chain mail of Understanding {+Blink rPois
                  | Str+2}
 12199 | D:8      | Acquired the amulet of Ubehox {RegenMP rN+ Regen+}
 12396 | D:9      | Found a shimmering altar of Xom.
 12448 | D:9      | Noticed a two-headed ogre
 12465 | D:9      | Killed a two-headed ogre
 12547 | D:9      | Found a shimmering blue altar of Sif Muna.
 12687 | D:9      | Found a transporter.
 12691 | D:9      | Found a transporter.
 12692 | D:9      | Noticed robertstho's ghost (journeyman DjFE)
 12991 | D:10     | Entered Level 10 of the Dungeon
 12991 | D:10     | Noticed Harold
 13002 | D:10     | Killed Harold
 13358 | D:7      | Killed hark's ghost
 13359 | D:7      | Reached skill level 12 in Fire Magic
 13380 | D:7      | HP: 1/67 [poisoned by a kobold brigand]
 13388 | D:7      | HP: 2/67 [asphyx]
 13639 | D:8      | Killed robertstho's ghost
 13640 | D:8      | Reached skill level 5 in Staves
 13720 | D:8      | Reached skill level 10 in Conjurations
 13807 | D:8      | Identified the +2 helmet of Wasted Space {rF+ rC+ Dex+4}
 14067 | D:2      | Found Wimoob's Weapon Shop.
 14131 | D:3      | Killed Domino's ghost
 14623 | D:4      | Killed Natasha
 14805 | D:4      | Noticed Natasha
 14809 | D:4      | Killed Natasha
 14925 | D:4      | Noticed Natasha
 14932 | D:4      | Killed Natasha
 15676 | D:5      | Found a staircase to the Ecumenical Temple.
 15883 | D:5      | Killed Grinder
 15976 | D:5      | Killed Edmund
 16223 | D:10     | Noticed Gastronok
 16245 | D:10     | Paralysed by a hornet for 3 turns
 16353 | D:10     | Noticed Josephine
 16387 | D:10     | Killed Josephine
 16388 | D:10     | Reached XP level 12. HP: 68/72 MP: 24/24
 17414 | D:11     | Found a gate leading to a gauntlet.
 17441 | Gauntlet | Entered a Gauntlet
 17441 | Gauntlet | Found a transporter.
 17441 | Gauntlet | Found a transporter.
 17450 | Gauntlet | Found a transporter.
 17460 | Gauntlet | Found a transporter.
 17475 | Gauntlet | Found a transporter.
 17491 | Gauntlet | Found a transporter.
 17500 | Gauntlet | Found a transporter.
 17506 | Gauntlet | Found a transporter.
 17528 | Gauntlet | Found a transporter.
 17553 | Gauntlet | Found a transporter.
 17553 | Gauntlet | Found a transporter.
 17556 | Gauntlet | Found a transporter.
 17597 | Gauntlet | Noticed a great orb of eyes
 17716 | D:11     | Found a staircase to the Lair.
 18127 | D:11     | Noticed Snorg
 18364 | D:11     | Reached skill level 5 in Dodging
 18616 | D:12     | Noticed Azrael
 19022 | D:12     | Noticed a two-headed ogre
 19022 | D:12     | Noticed a two-headed ogre
 19022 | D:12     | Noticed a two-headed ogre
 19022 | D:12     | Noticed a two-headed ogre
 19029 | D:12     | Noticed a two-headed ogre
 19044 | D:12     | Killed a two-headed ogre
 19046 | D:12     | Killed a two-headed ogre
 19047 | D:12     | Killed a two-headed ogre
 19055 | D:12     | Noticed Lodul
 19086 | D:12     | Killed a two-headed ogre
 19087 | D:12     | Reached skill level 13 in Fire Magic
 19090 | D:12     | Killed a two-headed ogre
 19105 | D:12     | Killed Lodul
 19106 | D:12     | Reached skill level 5 in Armour
 19176 | D:12     | Noticed a boulder beetle
 19210 | D:12     | Killed a boulder beetle
 19323 | D:12     | Killed Azrael
 19324 | D:12     | Reached XP level 13. HP: 21/78 MP: 25/25
 19646 | D:12     | Noticed Fannar
 19819 | D:12     | Found a staircase to the Orcish Mines.
 20034 | D:12     | Killed from afar by Fannar

Illustrated notes

Levels and vault maps discovered:
D:1:      ncdulo_smallfort, layout_basic, minmay_pentomino_u4
D:2:      layout_basic, basic_ecumenical_altar, serial_shops,
          nicolae_shop_bloodbath_and_beyond
D:3:      kb_forest_paths, layout_basic, mainiacjoe_overflow_six_doors_small,
          serial_shops, shop, gammafunk_ghost_grave, uniq_ijyb, uniq_jessica
D:4:      layout_basic, uniq_natasha
D:5:      layout_basic, minmay_temple_entry_glass, serial_corexii_hall,
          corexii_hall_statues_x, chequers_hall_statues_corner_a, uniq_grinder,
          uniq_prince_ribbit1, uniq_edmund
D:6:      layout_basic, chequers_serial_rivers_small_3, minmay_manual_mares,
          uniq_maggie, uniq_blork_the_orc
D:7:      layout_basic, serial_shops, nicolae_shop_window_shopping, shop,
          gammafunk_ghost_nasty_kobolds
D:8:      layout_rooms, mainiacjoe_overflow_catwalk, enter_bailey_6,
          biasface_ghost_orc_armoury, minmay_crossroads, uniq_joseph,
          uniq_maurice
D:9:      layout_roguey, nicolae_sif_muna_condensation, amcnicky_altar_gilded,
          gammafunk_ghost_hive, kennysheep_generic_room_4
D:10:     minmay_inner_zag, layout_basic, minitemple, uniq_gastronok,
          uniq_sonja, uniq_harold, uniq_josephine
D:11:     layout_loops_corners, dpeg_oklobed_lair, gauntlet_entry_generic,
          grunt_decor_arrowhead, uniq_snorg
D:12:     layout_roguey, minmay_orc_entry_temple_small, serial_glass,
          glass_columns_b, glass_columns_a, lemuel_flamethrower_3, uniq_lodul,
          uniq_fannar, uniq_azrael
Temple:   nicolae_temple_figure_zero

Skill      XL: |  1  2  3  4  5  6  7  8  9 10 11 12 13 |
---------------+----------------------------------------+-----
Conjurations   | 2 3 4 5 6 8 9 10 11 | 11.1
Fighting       | 1 2 3 4 6 7 8 |  8.4
Fire Magic     | 4 5 6 8 10 11 12 13 | 13.4
Spellcasting   | 3 4 5 6 7 8 |  8.1
Staves         | 2 5 7 |  7.9
Armour         | 1 3 5 |  5.5
Evocations     | 1 3 4 |  4.9
Dodging        | 3 4 5 |  5.9
Stealth        | |  2.0

Action                   |  1- 3 |  4- 6 |  7- 9 | 10-12 | 13-15 || total
-------------------------+-------+-------+-------+-------+-------++-------
Melee: Unarmed           |    14 |     7 |       |       |       ||    21
       Peck              |     3 |     3 |       |     9 |     6 ||    21
       Kick              |     4 |     6 |       |    20 |    15 ||    45
       Dagger            |       |    31 |       |     2 |       ||    33
       Punch             |       |     1 |       |       |       ||     1
       Lajatang          |       |       |       |    46 |    34 ||    80
 Cast: Foxfire           |    81 |    76 |   159 |   343 |    31 ||   690
       Scorch            |     2 |    18 |    67 |   190 |    46 ||   323
       Conjure Flame     |       |       |     7 |    30 |     3 ||    40
       Inner Flame       |       |       |       |    19 |     1 ||    20
       Flame Wave        |       |       |       |     5 |       ||     5
  Use: Scroll            |     1 |     7 |     4 |    17 |     3 ||    32
       Potion            |       |     1 |       |     4 |       ||     5
Armor: Robe              |    12 |     4 |    23 |       |       ||    39
       Skin              |       |    25 |       |       |       ||    25
       Steam dragon scal |       |       |     3 |    71 |    12 ||    86
Dodge: Dodged            |    28 |    28 |    96 |   258 |    50 ||   460

Table legend: (Time is in decaauts)
 A = Elapsed time spent in this place.
 B = Non-inter-level travel time spent in this place.
 C = Inter-level travel time spent in this place.
 D = Time resting spent in this place.
 E = Time spent auto-exploring this place.
 F = Levels seen in this place.
 G = Mean time per level.
                   A        B        C        D        E       F      G
               +--------+--------+--------+--------+--------+-----+--------+
         Total |  19129 |  17893 |   1236 |   2004 |  12198 |  15 | 1275.3 |
       Dungeon |  17564 |  16342 |   1222 |   1635 |  11400 |  12 | 1463.7 |
        Temple |    169 |    155 |     14 |      0 |    154 |   1 |  169.0 |
        Bailey |   1222 |   1222 |      0 |    369 |    517 |   1 | 1222.0 |
      Gauntlet |    172 |    172 |      0 |      0 |    126 |   1 |  172.0 |
               +--------+--------+--------+--------+--------+-----+--------+

Top non-repeatable levels by time:
     D:4: 2615 daAuts
     D:5: 1980 daAuts
     D:7: 1943 daAuts
     D:8: 1542 daAuts
     D:3: 1540 daAuts
     D:6: 1376 daAuts
     D:1: 1309 daAuts
  Bailey: 1222 daAuts
    D:12: 1216 daAuts
    D:11: 1109 daAuts
    D:10: 1064 daAuts
     D:2: 1050 daAuts
     D:9: 815 daAuts
Gauntlet: 172 daAuts
  Temple: 169 daAuts
